 Dungeon Crawl Stone Soup version 0.24-a0-250-g6074511 (webtiles) character file.

Game seed: 3067583480913175006

350 vorskei the Shooter (level 6, -1/52 HPs)
             Began as a Centaur Hunter on Apr 14, 2019.
             Shot with an arrow by a centaur (7 damage)
             ... on level 5 of the Dungeon on Apr 15, 2019.
             The game lasted 00:31:00 (5640 turns).

vorskei the Shooter (Centaur Hunter)                Turns: 5640, Time: 00:31:01

Health: -1/52      AC:  4    Str: 17    XL:     6   Next: 33%
Magic:  6/6        EV: 10    Int: 10    God:
Gold:   178        SH:  0    Dex:  9    Spells: 5/5 levels left

rFire    . . .     SeeInvis .   a - +1 shortbow
rCold    . . .     Gourm    .   (shield currently unavailable)
rNeg     . . .     Faith    .   c - +0 leather armour
rPois    .         Spirit   .   (no helmet)
rElec    .         Reflect  .   (no cloak)
rCorr    .         Harm     .   (no gloves)
MR       .....                  (no barding)
Stlth    +.........             (no amulet)
HPRegen  0.17/turn              (no ring)
MPRegen  0.10/turn              (no ring)

@: starving, very quick
A: large, hooves 3, deformed body, speed 2, tough skin 3
a: no special abilities


You were on level 5 of the Dungeon.
You were starving.

You visited 1 branch of the dungeon, and saw 5 of its levels.

You collected 178 gold pieces.

Inventory:

Hand Weapons
 a - a +1 shortbow (weapon)
 h - a +0 hunting sling
Missiles
 d - 14 arrows (quivered)
 g - 18 bolts
 k - 100 stones
Armour
 c - a +0 leather armour (worn)
Wands
 o - a wand of enslavement (11)
 s - a wand of acid (6)
 u - a wand of digging (2)
Scrolls
 e - 2 scrolls of fear {unknown}
 i - 3 scrolls of enchant armour {unknown}
 j - 2 scrolls of teleportation {unknown}
 m - a scroll of amnesia {unknown}
 n - 4 scrolls of identify {unknown}
 p - 3 scrolls of remove curse {unknown}
 w - 2 scrolls of enchant weapon {unknown}
 y - a scroll of noise {unknown}
Potions
 b - 3 potions of invisibility {unknown}
 l - a potion of haste {unknown}
 q - 2 potions of heal wounds {unknown}
 r - a potion of berserk rage {unknown}
 t - a potion of might {unknown}
 v - a potion of agility {unknown}
 x - a potion of resistance {unknown}
 z - a potion of mutation {unknown}
Comestibles
 f - 6 rations


   Skills:
 + Level 4.1 Fighting
 + Level 7.1 Bows
 + Level 1.8 Armour
 - Level 2.1 Dodging
 - Level 0.4 Stealth
 - Level 1.4 Unarmed Combat


You had 5 spell levels left.
You didn't know any spells.
Your spell library contained the following spells:

 Spells                   Type           Power        Failure   Level  Hunger
 Confusing Touch          Hex            #.....       41%         1    ##.....
 Confuse                  Hex            #.......     80%         3    ####...
 Gell's Gravitas          Tloc           #.........   80%         3    ####...
 Petrify                  Tmut/Erth      #.......     99%         4    #####..
 Metabolic Englaciation   Hex/Ice        #.........   100%        5    ######.
 Yara's Violent Unravell  Hex/Tmut       #.........   100%        5    ######.


Dungeon Overview and Level Annotations

Branches:
Dungeon (5/15)
 Temple: D:4-7

Altars:
Uskayaw

Shops:
D:4 (:[

Annotations:
D:2 Sigmund


Innate Abilities, Weirdness & Mutations

You have hooves in place of feet.
Armour fits poorly on your strangely shaped body.
You cover ground very quickly.
You have extremely tough skin. (AC +3)


Message History

You see here a whip.
Firing (i - inventory. (/) - cycle)
d - 16 arrows (quivered)
Press: ? - help, Shift-Dir - straight line, f - slave
Aim: a slave, wearing a +0 animal skin (lightly wounded)
You shoot an arrow. The arrow misses the slave.
Firing (i - inventory. (/) - cycle)
d - 15 arrows (quivered)
Press: ? - help, Shift-Dir - straight line, f/p - slave
Aim: a slave, wearing a +0 animal skin (lightly wounded)
You shoot an arrow. The arrow hits the slave.
The slave is lightly wounded.
You are starving!
A centaur comes into view.
The centaur shouts!
The centaur wields a +0 shortbow.
The centaur shoots an arrow.
The arrow hits you!
* * * LOW HITPOINT WARNING * * *
Found a war axe.
You see here an arrow.
The centaur shoots an arrow.
The arrow hits you!
You die...

##################
##....p..(.@......#
######.............c....
(....(...########.##.).#
######..## .# ### # #..#
.# # #..# .# # #..# .# #
#..# ## # #..#


You could see a slave and a centaur.

Vanquished Creatures
  An ice beast (D:4)
  A hound (D:4)
  2 orc wizards (D:3)
  A bullfrog skeleton (D:5)
  A killer bee zombie (D:5)
  4 adders
  An ooze (D:1)
  2 dart slugs (D:1)
  3 leopard geckos
  8 orcs
  2 ball pythons
  7 bats
  5 giant cockroaches
  9 goblins
  8 hobgoblins
  4 jackals
  2 quokkas
  5 frilled lizards
  2 kobolds
  6 rats
74 creatures vanquished.

Notes
Turn   | Place    | Note
-------+----------+-------------------------------------------
     0 | D:1      | vorskei the Centaur Hunter began the quest for the Orb.
     0 | D:1      | Reached XP level 1. HP: 17/17 MP: 1/1
   318 | D:1      | Reached XP level 2. HP: 24/24 MP: 2/2
   788 | D:1      | Reached XP level 3. HP: 30/30 MP: 3/3
  1361 | D:2      | Noticed a +0 hand axe
  1362 | D:2      | Noticed a +0 hand axe
  1455 | D:2      | Found a hide-covered altar of Uskayaw.
  1689 | D:2      | Noticed Sigmund
  1772 | D:2      | Reached skill level 6 in Bows
  2293 | D:3      | Reached XP level 4. HP: 37/37 MP: 4/4
  2823 | D:3      | Reached skill level 1 in Unarmed Combat
  3277 | D:3      | Reached XP level 5. HP: 32/45 MP: 5/5
  3583 | D:4      | Found Vuelucs's Book Boutique.
  3717 | D:4      | Found Soihias's Antique Armour Boutique.
  3854 | D:4      | Found Ukhloukh's Antique Weapon Boutique.
  4243 | D:5      | Entered Level 5 of the Dungeon
  4247 | D:5      | Reached skill level 1 in Armour
  4253 | D:5      | Noticed an ice beast
  4987 | D:5      | Noticed a slave
  5370 | D:4      | Killed an ice beast
  5370 | D:4      | Reached skill level 7 in Bows
  5370 | D:4      | Reached XP level 6. HP: 18/52 MP: 6/6
  5640 | D:5      | Shot with an arrow by a centaur

Levels and vault maps discovered:
D:1:      roderic_dead_forest, layout_basic
D:2:      minmay_wonky_spiral, layout_basic, dancing_weapons_uskayaw,
          minitemple, uniq_sigmund
D:3:      layout_basic, serial_curves, eino_curves_04, eino_curves_03
D:4:      layout_loops_ring, serial_shops, kennysheep_little_box, shop, shop
D:5:      layout_loops_ring, first_ration, uniq_menkaure, uniq_pikel

Skill      XL: |  1  2  3  4  5 |
---------------+----------------+-----
Dodging        | 2 |  2.1
Bows           | 6 7 |  7.1
Fighting       | 3 4 |  4.1
Unarmed Combat | 1 |  1.4
Armour         | 1 |  1.8
Stealth        | |  0.4

Action                   |  1- 3 |  4- 6 || total
-------------------------+-------+-------++-------
Melee: Short sword       |   105 |       ||   105
       Kick              |    27 |    16 ||    43
       Unarmed           |    58 |    69 ||   127
       Punch             |       |     1 ||     1
 Fire: Shortbow          |     6 |    79 ||    85
       Hunting sling     |       |    35 ||    35
Throw: Stone             |     3 |    15 ||    18
  Eat: Chunk             |     3 |     3 ||     6
       Ration            |       |     1 ||     1
Armor: Leather armour    |    88 |    38 ||   126
Dodge: Dodged            |   102 |    83 ||   185

Table legend:
 A = Non-vault XP
 B = Vault XP
 C = Vault XP percentage of total XP
 D = Non-vault monster count
 E = Vault monster count
 F = Vault count percentage of total count
                 A         B        C        D         E       F
            +---------+---------+-------+---------+---------+-------
      Total |     498 |       2 |   0.4 |      73 |       1 |   1.4
            +---------+---------+-------+---------+---------+-------
        D:1 |      57 |       0 |   0.0 |      27 |       0 |   0.0
        D:2 |      33 |       2 |   5.7 |      12 |       1 |   7.7
        D:3 |     119 |       0 |   0.0 |      20 |       0 |   0.0
        D:4 |     202 |       0 |   0.0 |       9 |       0 |   0.0
        D:5 |      87 |       0 |   0.0 |       5 |       0 |   0.0
            +---------+---------+-------+---------+---------+-------
